 Dungeon Crawl Stone Soup version 0.21.1-1-g345015f (webtiles) character file.

2054 eccles the Slicer (level 9, -8/52 HPs)
             Began as a Kobold Berserker on Apr 11, 2018.
             Was an Elder of Trog.
             Killed by divine providence
             ... invoked by an orc priest
              (12 damage)
             ... on level 6 of the Dungeon.
             The game lasted 00:46:14 (5922 turns).

eccles the Slicer (Kobold Berserker)                Turns: 5922, Time: 00:46:15

Health: -8/52      AC: 11    Str: 17    XL:     9   Next: 49%
Magic:  9/9        EV:  8    Int:  8    God:    Trog [****..]
Gold:   270        SH: 10    Dex: 15    Spells: 8/8 levels left

rFire    + . .     SeeInvis .   v - +3 dagger (pain)
rCold    . . .     Gourm    .   y - +1 shield (curse)
rNeg     . . .     Faith    .   F - +0 chain mail
rPois    .         Spirit   .   n - +0 helmet
rElec    .         Reflect  .   s - +0 cloak
rCorr    .         Harm     .   (no gloves)
MR       .....                  (no boots)
Stlth    ..........             (no amulet)
HPRegen  0.17/turn              I - ring of protection from fire
MPRegen  0.11/turn              (no ring)

@: no status effects
A: small, carnivore
a: Berserk, Trog's Hand, Brothers in Arms, Burn Spellbooks, Renounce Religion


You were on level 6 of the Dungeon.
You worshipped Trog.
Trog was greatly pleased with you.
You were very full.

You visited 1 branch of the dungeon, and saw 6 of its levels.
You also visited: Ossuary.

You collected 270 gold pieces.

Inventory:

Hand Weapons
 a - a +0 short sword
 b - a +0 hunting sling
 f - a +1 spear of venom
 k - a +5 dagger
 m - a cursed -3 dagger
 r - a +4 quarterstaff of chaos
 v - a +3 dagger of pain (weapon)
 B - a +0 mace of protection
Missiles
 d - a throwing net
 t - 109 stones (quivered)
 w - 32 sling bullets
 E - 39 poisoned needles
Armour
 n - a +0 helmet (worn)
 s - a +0 cloak (worn)
 y - a cursed +1 shield (worn)
 F - a +0 chain mail (worn)
 K - a +2 shield
Magical Staves
 g - an uncursed staff of fire
Jewellery
 i - an uncursed ring of stealth
 I - a ring of protection from fire (left hand)
 J - a +2 amulet of reflection {unknown}
Wands
 p - a wand of flame (24)
 H - a wand of random effects (33)
Scrolls
 e - 2 scrolls of holy word
 h - a scroll of random uselessness
 j - 3 scrolls of teleportation
 q - 2 scrolls of identify
 z - 6 scrolls of remove curse
 C - a scroll of blinking
 D - 2 scrolls of fear
Potions
 l - a potion of ambrosia
 o - 2 potions of haste
 u - 2 potions of brilliance
 x - 6 potions of heal wounds
 A - a potion of magic
 G - 2 potions of flight
Comestibles
 c - 8 rations


   Skills:
 - Level 4.3 Fighting
 + Level 12.7 Short Blades
 + Level 3.8 Slings
 - Level 2.7 Armour
 - Level 3.1 Dodging
 - Level 0.2 Stealth
 + Level 2.9 Shields
 + Level 0.1 Evocations


You had 8 spell levels left.
You didn't know any spells.

Dungeon Overview and Level Annotations

Branches:
Dungeon (6/15)
 Temple: D:4-7

Altars:
Cheibriados
Fedhas
Makhleb
Nemelex Xobeh
Okawaru
Ru
Sif Muna
Wu Jian
Xom
Yredelemnul


Innate Abilities, Weirdness & Mutations

You are small and have problems with some larger weapons.
You are carnivorous and can eat meat at any time.


Message History

The orc warrior shouts!
You hear a shout!
An orc and an orc priest come into view.
The orc shouts!
The orc priest shouts!
The orc moves out of view.
The orc warrior hits you from afar with a halberd!
The orc warrior barely misses you.
The orc warrior hits you from afar with a halberd.
The orc priest calls down the wrath of Beogh upon you.
Beogh smites you!
The orc warrior hits you but does no damage.
An orc comes into view. It is wielding a trident.
The orc shouts!
You hear an angry hiss.
Found a stone staircase leading up.
You hit the orc warrior but do no damage.
You hit the orc priest but do no damage.
The orc warrior hits you with a halberd!!
* * * LOW HITPOINT WARNING * * *
The orc priest invokes the aid of Beogh against you.
Beogh smites you!
You die...

<. ####### .
##.....
#.#.....#
.#.....###
o.......
#o....##.#
#oo...##.#
#@# #.# #.#
#.# #.# #.#
#.# #.# #.#
#.####
#.#####....#
#......###.#
######.# #.#
#.# #.#


You could see an orc warrior, an orc priest and 2 orcs.

Vanquished Creatures
  The ghost of azzavlup the Slasher, an amateur DsAK of Lugonu (D:3)
  Sigmund (D:2)
  4 ogres
  A centaur (D:5)
  A necrophage (D:2)
  A bullfrog (D:3)
  A scorpion (D:5)
  A howler monkey (D:4)
  3 electric eels (D:5)
  2 crimson imps
  A bullfrog zombie (D:5)
  A hound (D:5)
  5 centaur zombies (Ossuary)
  2 orc wizards
  Crazy Yiuf (D:2)
  2 bullfrog skeletons (D:5)
  2 centaur skeletons
  An iron imp (D:6)
  Ijyb (D:4)
  3 worker ants
  2 big kobold zombies (Ossuary)
  5 mummies (Ossuary)
  4 gnolls (D:3)
  3 adders (D:3)
  An ooze (D:6)
  3 worms (D:2)
  A dart slug (D:4)
  2 leopard geckos
  18 orcs
  5 giant cockroaches
  15 goblins
  10 hobgoblins
  7 jackals
  4 quokkas
  3 ball pythons
  8 bats
  6 frilled lizards
  2 hobgoblin zombies (Ossuary)
  9 kobolds
  A quokka zombie (D:5)
  3 rats
147 creatures vanquished.

Notes
Turn   | Place    | Note
-------+----------+-------------------------------------------
     0 | D:1      | eccles the Kobold Berserker began the quest for the Orb.
     0 | D:1      | Reached XP level 1. HP: 14/14 MP: 1/1
   140 | D:1      | Reached XP level 2. HP: 14/19 MP: 2/2
   405 | D:1      | Reached XP level 3. HP: 23/23 MP: 3/3
  1012 | D:2      | Reached ** piety under Trog
  1183 | D:2      | Noticed Sigmund
  1209 | D:2      | Killed Sigmund
  1209 | D:2      | Reached skill level 6 in Short Blades
  1209 | D:2      | Reached XP level 4. HP: 29/29 MP: 4/4
  1209 | D:2      | Reached XP level 5. HP: 33/33 MP: 5/5
  1209 | D:2      | Reached XP level 6. HP: 38/38 MP: 6/6
  1354 | D:2      | Noticed a necrophage
  1372 | D:2      | Killed a necrophage
  1372 | D:2      | Reached skill level 7 in Short Blades
  1541 | D:2      | Found an iron altar of Okawaru.
  1545 | D:2      | Found a sacrificial altar of Ru.
  2037 | D:2      | Found a runed door.
  2041 | D:2      | Noticed Crazy Yiuf
  2049 | D:2      | Killed Crazy Yiuf
  2130 | D:2      | Found an ornate altar of the Wu Jian Council.
  2137 | D:2      | Reached XP level 7. HP: 39/42 MP: 7/7
  2178 | D:3      | Reached skill level 8 in Short Blades
  2183 | D:3      | Noticed azzavlup's ghost (amateur DsAK)
  2193 | D:3      | Killed azzavlup's ghost
  2193 | D:3      | Reached skill level 9 in Short Blades
  2236 | D:3      | Found a basalt altar of Yredelemnul.
  2473 | D:3      | Found a transporter.
  2476 | D:3      | Found a transporter.
  2498 | D:3      | Found a burning altar of Makhleb.
  2566 | D:3      | Found a blossoming altar of Fedhas.
  2566 | D:3      | Found a basalt altar of Yredelemnul.
  2602 | D:3      | Reached *** piety under Trog
  2839 | D:3      | Found a stormy altar of Qazlal.
  2841 | D:3      | Found a shimmering altar of Xom.
  2841 | D:3      | Found a sacrificial altar of Ru.
  2844 | D:3      | Found a sparkling altar of Nemelex Xobeh.
  2844 | D:3      | Found a deep blue altar of Sif Muna.
  2844 | D:3      | Found a sparkling altar of Nemelex Xobeh.
  2914 | D:3      | Reached skill level 10 in Short Blades
  2927 | D:3      | Reached XP level 8. HP: 47/47 MP: 8/8
  3037 | D:4      | Noticed Ijyb
  3050 | D:4      | Paralysed by Ijyb for 3 turns
  3069 | D:4      | Killed Ijyb
  3133 | D:4      | Found a sand-covered staircase.
  3141 | Ossuary  | Entered an ossuary
  3350 | Ossuary  | Reached skill level 1 in Slings
  3563 | Ossuary  | Reached skill level 1 in Shields
  3786 | Ossuary  | Reached skill level 11 in Short Blades
  4414 | D:4      | Reached XP level 9. HP: 52/52 MP: 9/9
  4556 | D:5      | Entered Level 5 of the Dungeon
  4672 | D:5      | Found a transporter.
  4683 | D:5      | Found a transporter.
  4816 | D:5      | Reached **** piety under Trog
  4848 | D:5      | Reached skill level 12 in Short Blades
  5600 | D:6      | Found a snail-covered altar of Cheibriados.
  5922 | D:6      | Killed from afar by an orc priest

Skill      XL: |  1  2  3  4  5  6  7  8  9 |
---------------+----------------------------+-----
Fighting       | 4 |  4.3
Short Blades   | 6 7 10 11 12 | 12.7
Armour         | 2 |  2.7
Dodging        | 3 |  3.1
Slings         | 2 3 |  3.8
Shields        | 1 2 |  2.9
Stealth        | |  0.2
Evocations     | |  0.1

Action                   |  1- 3 |  4- 6 |  7- 9 || total
-------------------------+-------+-------+-------++-------
Melee: Short sword       |   192 |   119 |   589 ||   900
       Dagger            |       |       |    17 ||    17
 Fire: Hunting sling     |       |       |    20 ||    20
Invok: Berserk           |     2 |     2 |     6 ||    10
Evoke: Wand              |       |       |     4 ||     4
  Use: Potion            |     4 |     3 |     5 ||    12
       Scroll            |     4 |     4 |     8 ||    16
 Stab: Held in net/web   |       |       |     1 ||     1
  Eat: Chunk             |     8 |     5 |    19 ||    32
Armor: Chain mail        |    97 |    27 |   165 ||   289
       Skin              |       |     2 |       ||     2
Dodge: Dodged            |    82 |    36 |   117 ||   235
Block: Shield            |       |       |   119 ||   119
